 Dungeon Sprint DCSS version 0.31-a0-1074-g0b22e4e0f1 (webtiles) character file.

Game seed: 527792023662698059

10070 rocky1 the Timeless (level 11, -1/123 HPs)
             Began as an Ogre Gladiator on Nov 28, 2023.
             Was a High Priest of Cheibriados.
             Engulfed by a swamp dragon's poison gas (9 damage)
             ... in the Dungeon (Sprint VII: "The Pits").
             The game lasted 00:06:00 (2650 turns).

rocky1 the Timeless (Ogre Gladiator)                Turns: 2650, Time: 00:06:00

Health: -1/123     AC:  7    Str: 34    XL:     11   Next: 56%
Magic:  9/23       EV: 17    Int: 33    God:    Cheibriados [*****.]
Gold:   0          SH:  0    Dex: 24    Spells: 10/10 levels left

rFire   + . .        t - +1 broad axe of the Genius {freeze, rF+ rN+ Int+3}
rCold   . . .        (no shield)
rNeg    + . .        b - +0 robe
rPois   .            c - +0 hat
rElec   .            d - +0 cloak
rCorr   .            (gloves unavailable)
SInv    .            (boots unavailable)
Will    +....        w - amulet of regeneration
Stlth   ++++         p - +3 ring of intelligence
HPRegen 1.20/turn    q - +3 ring of protection
MPRegen 0.18/turn

%: no teleportation
@: lethally poisoned (-1 -> -8), very slow
A: large, unfitting armour, tough skin 1
a: Renounce Religion, Bend Time, Temporal Distortion, Slouch, Step From Time


You were in the Dungeon.
You worshipped Cheibriados.
Cheibriados was extremely pleased with you.
You visited 1 branch

Inventory:

Hand Weapons
 a - a +0 flail
 t - the +1 broad axe of the Genius (weapon) {freeze, rF+ rN+ Int+3}
   (You found it in the Dungeon)

   Int+3:     It affects your intelligence (+3).
   rF+:       It protects you from fire.
   rN+:       It protects you from negative energy.
 u - a +2 heavy dire flail
 x - a +1 scimitar of flaming
 y - the +8 frozen axe "Frostbite" {freeze, freezing cloud, *Noise Fly rC+}
   (You found it in the Dungeon)

   rC+:       It protects you from cold.
   Fly:       It grants you flight.
   *Noise:    It may make a loud noise when swung.
Missiles
 e - a large rock (quivered)
 v - 2 curare-tipped darts
Armour
 b - a +0 robe (worn)
 c - a +0 hat (worn)
 d - a +0 cloak (worn)
Jewellery
 p - a +3 ring of intelligence (left hand)
 q - a +3 ring of protection (right hand)
 w - an amulet of regeneration (around neck)
Wands
 z - a wand of digging (8)
Scrolls
 k - a scroll of blinking
 m - 2 scrolls of vulnerability
 n - 5 scrolls of amnesia
 o - a scroll of butterflies
Potions
 f - 6 potions of curing
 g - 7 potions of heal wounds
 h - a potion of haste
 i - 3 potions of magic
 j - 4 potions of berserk rage
 l - 2 potions of invisibility
 r - 2 potions of brilliance
 s - a potion of mutation


   Skills:
 - Level 12.0 Fighting
 + Level 11.5(14.5) Axes
 - Level 13.2(14.7) Maces & Flails
 - Level 2.3 Throwing
 - Level 9.8 Dodging
 - Level 7.0 Stealth
 - Level 16.5 Invocations


You had 10 spell levels left.
You didn't know any spells.
Your spell library contained the following spells:

 Spells                   Type           Power      Damage    Failure   Level
 Shock                    Conj/Air       0%         1d3       8%          1
 Swiftness                Air            0%         N/A       24%         3
 Volatile Blastmotes      Fire/Tloc      0%         2d10      24%         3
 Airstrike                Air            0%         2d(0-16)  61%         4
 Fulminant Prism          Conj/Hex       0%         3d5       61%         4
 Iskenderun's Mystic Bla  Conj/Tloc      0%         2d3       61%         4


Dungeon Overview and Level Annotations

Branches:
Dungeon (1/1)

Altars:
Ashenzari
Cheibriados
Dithmenos
Elyvilon
Fedhas
Gozag
Hepliaklqana
Kikubaaqudgha
Makhleb
Nemelex Xobeh
Okawaru
Qazlal
Ru
Sif Muna
Trog
Uskayaw
Vehumet
Wu Jian
Xom
Yredelemnul
Zin
The Shining One
Jiyva
Lugonu


Innate Abilities, Weirdness & Mutations

You are too large for most types of armour.
You have tough skin. (AC +1)


Message History

You are more poisoned.
Activating: Slouch (0% risk of failure)
Press: ? - help, Dir - look around, f - activate You can feel time thicken for a moment.
You are engulfed in poison gas.
You are more poisoned.
You feel extremely sick.
The bog body gestures at you while chanting.
The bolt of cold hits you!!
Activating: Slouch (0% risk of failure)
Press: ? - help, Dir - look around, f - activate You can feel time thicken for a moment.
You destroy the bog body!
Cheibriados appreciates the change of pace.
Cheibriados lowers the support of your attributes as your movement quickens.
You are engulfed in poison gas.
You are more poisoned.
You feel extremely sick.
Your base Axes skill increases to level 11!
Unknown command.
You are engulfed in poison gas.
You are more poisoned.
* * * LOW HITPOINT WARNING * * *
x2 You feel extremely sick.
The swamp dragon misses you.
The swamp dragon claws you but does no damage.
The swamp dragon tramples you!
* * * LOW HITPOINT WARNING * * *
You hold your ground!
There is a huge open gate to the Metal Vault (Medium) here.
You feel better.
You are engulfed in poison gas.
You are poisoned.
* * * LOW HITPOINT WARNING * * *
You feel sick. The swamp dragon bites you!
* * * LOW HITPOINT WARNING * * *
The swamp dragon closely misses you. The swamp dragon tramples you.
* * * LOW HITPOINT WARNING * * *
You hold your ground!
You feel better.
You are engulfed in poison gas.
You are poisoned.
You die...

__...###########++###########.+.)
####'##................##..## ##+
)))'.##......#..#......##..#
####.##................''..#
....).'................''..######
#'#####......#..#......##........
..#..##................##........
..'..#####'#####''###############
###+###.......##@°###
.....##.......##D°..#
.....##.......##.°.##
#'#####...<...##..##
)))[.##.......##.°#
)))[.##.......##..+
#######.......##.##
..#..#############
..#.###########


You could see a swamp dragon.

Vanquished Creatures
  A death cob (D)
  A dire elephant (D)
  An eidolon (D)
  An anaconda (D)
  A spriggan air mage (D)
  Erica (D)
  A death yak (D)
  A soul eater (D)
  Sonja (D)
  A bog body (D)
  A lindwurm (D)
  An elephant (D)
  An eye of devastation (D)
  A smoke demon (D)
  A rime drake (D)
  An ice devil (D)
  3 blink frogs (D)
  A glass eye (D)
  A flying skull (D)
  A fire elemental (D)
  3 hell hounds (D)
  A water moccasin (D)
  A sky beast (D)
  2 wolves (D)
  A scorpion (D)
  2 quasits (D)
  A hound (D)
  Crazy Yiuf (D)
  A gnoll (D)
  2 river rats (D)
  An adder zombie (D)
  A ball python (D)
  A bat skeleton (D)
  A giant cockroach (D)
  4 jackals (D)
  A quokka (D)
  A ball python skeleton (D)
  2 bats (D)
  A goblin (D)
  A quokka zombie (D)
  A rat (D)
52 creatures vanquished.

Notes
Turn   | Place    | Note
-------+----------+-------------------------------------------
     0 | D        | rocky1 the Ogre Gladiator began the quest for the Orb.
     0 | D        | Reached XP level 1. HP: 22/22 MP: 1/1
    16 | D        | Reached XP level 2. HP: 31/31 MP: 2/2
    19 | D        | Found a bloodstained altar of Trog.
    19 | D        | Found a shimmering blue altar of Sif Muna.
    19 | D        | Found a viscous altar of Jiyva.
    19 | D        | Found a hazy altar of Hepliaklqana.
    19 | D        | Found an opulent altar of Gozag.
    20 | D        | Found a glowing golden altar of the Shining One.
    20 | D        | Found a glowing silver altar of Zin.
    20 | D        | Found a basalt altar of Yredelemnul.
    20 | D        | Found a shimmering altar of Xom.
    20 | D        | Found an ornate altar of the Wu Jian Council.
    20 | D        | Found a sacrificial altar of Ru.
    20 | D        | Found a stormy altar of Qazlal.
    20 | D        | Found an iron altar of Okawaru.
    20 | D        | Found a sparkling altar of Nemelex Xobeh.
    20 | D        | Found a burning altar of Makhleb.
    20 | D        | Found a blossoming altar of Fedhas.
    20 | D        | Found a white marble altar of Elyvilon.
    20 | D        | Found a shadowy altar of Dithmenos.
    20 | D        | Found a snail-covered altar of Cheibriados.
    22 | D        | Found a radiant altar of Vehumet.
    22 | D        | Found a corrupted altar of Lugonu.
    23 | D        | Found a hide-covered altar of Uskayaw.
    23 | D        | Found an ancient bone altar of Kikubaaqudgha.
    23 | D        | Found a broken altar of Ashenzari.
    31 | D        | Became a worshipper of Cheibriados the Contemplative
    76 | D        | Reached * piety under Cheibriados
    85 | D        | Reached ** piety under Cheibriados
   104 | D        | Reached skill level 1 in Invocations
   105 | D        | Reached *** piety under Cheibriados
   258 | D        | Noticed Crazy Yiuf
   269 | D        | Killed Crazy Yiuf
   270 | D        | Reached skill level 2 in Invocations
   270 | D        | Reached XP level 3. HP: 37/39 MP: 2/4
   275 | D        | Reached skill level 5 in Maces & Flails
   276 | D        | Reached **** piety under Cheibriados
   282 | D        | Reached ***** piety under Cheibriados
   283 | D        | Reached XP level 4. HP: 44/48 MP: 3/5
   333 | D        | Noticed a sky beast
   333 | D        | Noticed a glass eye
   333 | D        | Noticed a wolf
   335 | D        | Killed a wolf
   336 | D        | Reached skill level 5 in Fighting
   336 | D        | Reached skill level 5 in Dodging
   336 | D        | Reached skill level 1 in Stealth
   336 | D        | Reached skill level 4 in Invocations
   336 | D        | Reached XP level 5. HP: 57/57 MP: 0/8
   336 | D        | Noticed a flying skull
   346 | D        | Killed a flying skull
   347 | D        | Reached skill level 6 in Invocations
   347 | D        | Reached XP level 6. HP: 26/68 MP: 1/10
   350 | D        | Killed a glass eye
   350 | D        | Reached ****** piety under Cheibriados
   351 | D        | Reached skill level 7 in Invocations
   351 | D        | Reached XP level 7. HP: 32/79 MP: 5/12
   535 | D        | Noticed a lindwurm
   542 | D        | Killed a lindwurm
   543 | D        | Reached skill level 10 in Maces & Flails
   543 | D        | Reached skill level 8 in Invocations
   543 | D        | Reached XP level 8. HP: 59/92 MP: 12/14
   754 | D        | Noticed an elephant
   756 | D        | Reached skill level 9 in Invocations
   761 | D        | Killed an elephant
   762 | D        | Reached skill level 5 in Stealth
   762 | D        | Reached XP level 9. HP: 73/101 MP: 9/16
   858 | D        | Got the +1 broad axe of the Genius {freeze, rF+ rN+ Int+3}
   942 | D        | Noticed an ice devil
   953 | D        | Killed an ice devil
   954 | D        | Reached skill level 1 in Axes
   954 | D        | Reached skill level 10 in Invocations
  1255 | D        | Noticed a rime drake
  1259 | D        | Reached skill level 10 in Fighting
  1260 | D        | Killed a rime drake
  1261 | D        | Reached skill level 11 in Invocations
  1667 | D        | Noticed Sonja
  1670 | D        | Noticed an anaconda
  1673 | D        | Killed Sonja
  1674 | D        | Reached skill level 12 in Invocations
  1674 | D        | Reached XP level 10. HP: 111/111 MP: 12/19
  1678 | D        | Killed an anaconda
  1679 | D        | Reached skill level 5 in Axes
  2012 | D        | Noticed an eidolon
  2014 | D        | Noticed a death yak
  2019 | D        | Killed an eidolon
  2020 | D        | Reached skill level 13 in Invocations
  2022 | D        | Killed a death yak
  2068 | D        | Noticed Erica
  2068 | D        | Noticed an eye of devastation
  2068 | D        | Noticed a smoke demon
  2073 | D        | Killed Erica
  2074 | D        | Reached skill level 14 in Invocations
  2078 | D        | Killed an eye of devastation
  2082 | D        | Killed a smoke demon
  2321 | D        | Found the +8 frozen axe "Frostbite" {freeze, freezing
                  | cloud, *Noise Fly rC+}
  2321 | D        | Noticed a death cob
  2321 | D        | Noticed a spriggan air mage
  2321 | D        | Noticed a dire elephant
  2321 | D        | Noticed a soul eater
  2323 | D        | Killed a death cob
  2324 | D        | Reached skill level 15 in Invocations
  2324 | D        | Reached XP level 11. HP: 123/123 MP: 16/22
  2324 | D        | Killed a spriggan air mage
  2325 | D        | Reached skill level 10 in Axes
  2328 | D        | Killed a dire elephant
  2328 | D        | Killed a soul eater
  2329 | D        | Reached skill level 16 in Invocations
  2641 | D        | Noticed a bog body
  2641 | D        | Noticed a swamp dragon
  2647 | D        | Killed a bog body
  2649 | D        | HP: 4/123 [swamp dragon (12)]
  2650 | D        | Engulfed by a swamp dragon's poison gas

Illustrated notes

Levels and vault maps discovered:
D:        pitsprint [storerooms_1, entrance_room_1, metal_vault_7, armoury_2,
          mini_pit_1, grid_room_1, main_hall_1, silver_pit, the_coven_1,
          the_vestibule_1, steel_vault_2, golden_pit, hallway_of_sentries,
          crystal_vault_1, iron_vault_2, final_vault]

Skill      XL: |  1  2  3  4  5  6  7  8  9 10 11 |
---------------+----------------------------------+-----
Fighting       | 3 4 5 6 7 9 10 11 12 | 12.0
Maces & Flails | 3 4 5 6 8 9 10 11 12 13 | 13.2
Dodging        | 3 4 5 6 7 8 9 |  9.8
Invocations    | 2 4 6 7 8 9 12 15 16 | 16.5
Stealth        | 1 2 3 4 5 6 7 |  7.0
Axes           | 4 9 11 | 11.5
Throwing       | |  2.3

Action                     |  1- 3 |  4- 6 |  7- 9 | 10-12 || total
---------------------------+-------+-------+-------+-------++-------
  Melee: Flail             |    40 |    13 |    29 |       ||    82
         Punch             |       |       |     1 |     1 ||     2
         Broad axe         |       |       |    16 |    25 ||    41
  Throw: Throwing net      |     3 |       |       |       ||     3
         Large rock        |       |       |       |     1 ||     1
 Invoke: Slouch            |       |     2 |     6 |     8 ||    16
    Use: Potion            |       |     3 |     1 |     2 ||     6
   Stab: Held in net/web   |     3 |       |       |       ||     3
         Sleeping          |       |       |     4 |     1 ||     5
 Armour: Robe              |    44 |    11 |    29 |    27 ||   111
  Dodge: Dodged            |    42 |     3 |    27 |    18 ||    90

Table legend: (Time is in decaauts)
 A = Elapsed time spent in this place.
 B = Non-inter-level travel time spent in this place.
 C = Inter-level travel time spent in this place.
 D = Time resting spent in this place.
 E = Time spent auto-exploring this place.
 F = Levels seen in this place.
 G = Mean time per level.
                   A        B        C        D        E       F      G
               +--------+--------+--------+--------+--------+-----+--------+
         Total |   3036 |   2916 |    120 |   2013 |      0 |   1 | 3036.0 |
       Dungeon |   3036 |   2916 |    120 |   2013 |      0 |   1 | 3036.0 |
               +--------+--------+--------+--------+--------+-----+--------+

Top non-repeatable levels by time:
       D: 3036 daAuts
